 Dungeon Crawl Stone Soup version 0.23.2 (webtiles) character file.

Game seed: 9911662735905288083

3794 Zefie the Covert (level 9, -4/51 HPs)
             Began as a Vampire Ice Elementalist on Apr 13, 2019.
             Was a Believer of Hepliaklqana.
             Slain by a hornet (5 damage)
             ... while paralysed by a hornet
             ... on level 8 of the Dungeon.
             The game lasted 01:39:56 (8786 turns).

Zefie the Covert (Vampire Ice Elementalist)         Turns: 8786, Time: 01:39:57

Health: -4/51      AC:  9    Str:  7    XL:     9   Next: 96%
Magic:  25/27      EV:  2    Int: 21    God:    Hepliaklqana [**....]
Gold:   385        SH:  0    Dex: 14    Spells: 8/20 levels left

rFire    . . .     SeeInvis +   K - staff of conjuration
rCold    . . .     Gourm    .   (no shield)
rNeg     + . .     Faith    .   a - +0 robe
rPois    .         Spirit   .   (no helmet)
rElec    .         Reflect  .   w - +0 cloak
rCorr    .         Harm     .   N - +0 pair of gloves
MR       .....                  (no boots)
Stlth    +++++.....             E - amulet of regeneration
HPRegen  0.57/turn              f - +5 ring of protection
MPRegen  0.20/turn              y - ring of magical power

@: paralysed, lethally poisoned (-4 -> -21), slowed
A: reduced essence, fangs 3, see invisible, unbreathing
a: Bat Form, Recall Ancestor, Ancestor Identity, Renounce Religion


You were on level 8 of the Dungeon.
You worshipped Hepliaklqana.
Hepliaklqana was pleased with you.
You were not thirsty.

You visited 2 branches of the dungeon, and saw 12 of its levels.

You collected 385 gold pieces.

Inventory:

Hand Weapons
 B - a +3 dagger
 M - a +0 shortbow
Missiles
 j - 282 stones (quivered)
 r - 36 bolts
 J - 47 arrows
Armour
 a - a +0 robe (worn)
 s - a +0 animal skin
 t - a +0 buckler
 u - a +0 helmet
 w - a +0 cloak (worn)
 G - a +1 ring mail of cold resistance
 N - a +0 pair of gloves (worn)
Magical Staves
 K - an uncursed staff of conjuration (weapon)
Jewellery
 f - a +5 ring of protection (left hand)
 y - a ring of magical power (right hand)
 E - an amulet of regeneration (around neck)
 F - a +3 ring of strength
 H - a +2 ring of protection
Wands
 k - a wand of iceblast (1)
 L - a wand of random effects (18)
 P - a wand of scattershot (5)
 R - a wand of disintegration (9)
Scrolls
 b - a scroll of fear {unknown}
 d - 3 scrolls of enchant weapon {unknown}
 g - a scroll of amnesia {unknown}
 h - 3 scrolls of teleportation
 i - 2 scrolls of identify
 n - a scroll of random uselessness {unknown}
 q - 4 scrolls of remove curse {unknown}
 v - a scroll of blinking {unknown}
 A - a scroll of enchant armour {unknown}
 C - a scroll of vulnerability {unknown}
Potions
 c - 13 potions of blood
 e - 3 potions of agility
 l - a potion of mutation {unknown}
 m - a potion of brilliance {unknown}
 p - 2 potions of might
 x - 3 potions of flight {unknown}
 z - 2 potions of curing
 D - 3 potions of berserk rage {unknown}
 I - a potion of magic {unknown}
 O - 2 potions of degeneration {unknown}
 Q - a potion of haste {unknown}
Comestibles
 o - 11 rations


   Skills:
 + Level 1.9 Staves
 + Level 7.5 Dodging
 + Level 10.6 Stealth
 + Level 6.3 Spellcasting
 - Level 0.6 Conjurations
 + Level 0.6 Hexes
 * Level 8.7 Ice Magic


You had 8 spell levels left.
You knew the following spells:

 Your Spells              Type           Power        Failure   Level  Hunger
a - Freeze                Ice            ####         1%          1    None
b - Throw Icicle          Conj/Ice       #####...     14%         4    ###....
c - Summon Ice Beast      Ice/Summ       ####....     16%         4    ###....
d - Tukima's Dance        Hex            #.......     22%         3    #......

Your spell library contained the following spells:

 Spells                   Type           Power        Failure   Level  Hunger
 Throw Frost              Conj/Ice       #####.       1%          2    None
 Ozocubu's Armour         Chrm/Ice       ####....     4%          3    #......
 Confusing Touch          Hex            #.....       7%          1    None
 Magic Dart               Conj           ##..         8%          1    None
 Apportation              Tloc           #.....       10%         1    None
 Summon Butterflies       Summ           #.......     10%         1    None
 Slow                     Hex            #.......     11%         2    None
 Blink                    Tloc           N/A          14%         2    None
 Call Imp                 Summ           #.......     14%         2    None
 Confuse                  Hex            #.......     22%         3    #......
 Conjure Flame            Conj/Fire      ##......     26%         3    #......
 Mephitic Cloud           Conj/Pois/Air  ##......     26%         3    #......
 Gell's Gravitas          Tloc           #.........   28%         3    #......
 Lesser Beckoning         Tloc           #.........   28%         3    #......
 Metabolic Englaciation   Hex/Ice        ####......   36%         5    #####..
 Petrify                  Tmut/Erth      #.......     67%         4    ###....
 Yara's Violent Unravell  Hex/Tmut       #.........   92%         5    #####..
 Alistair's Intoxication  Tmut/Pois      #.......     95%         5    #####..
 Invisibility             Hex            #.......     100%        6    ######.


Dungeon Overview and Level Annotations

Branches:
Dungeon (11/15)            Temple (1/1) D:5
   Lair: D:8-11         Orc: D:9-12

Altars:
Ashenzari
Cheibriados
Dithmenos
Elyvilon
Fedhas
Gozag
Hepliaklqana
Kikubaaqudgha
Makhleb
Nemelex Xobeh
Okawaru
Qazlal
Ru
Sif Muna
Trog
Uskayaw
Vehumet
Wu Jian
Xom
Yredelemnul
Zin
The Shining One

Shops:
D:6 *

Annotations:
D:9 1 runed translucent door, poxu's ghost, novice MiFi


Innate Abilities, Weirdness & Mutations

You have razor-sharp teeth.
You have supernaturally acute eyesight. (SInv)
You can survive without breathing.
Your life essence is reduced to manifest your ancestor. (-10% HP)


Message History

Za Warudo hits the soldier ant with a +0 flail.
The soldier ant dies!
A soldier ant comes into view.
The hornet stings you!
* * * LOW HITPOINT WARNING * * *
You are poisoned.
You suddenly lose the ability to move!
The hornet completely misses you.
You feel sick. The hornet stings you!
* * * LOW HITPOINT WARNING * * *
You are more poisoned.
You feel yourself slow down.
You feel sick. The hornet stings you!
* * * LOW HITPOINT WARNING * * *
You are more poisoned.
You shrug off the repeated paralysis!
Za Warudo hits the soldier ant but does no damage.
The soldier ant stings you.
* * * LOW HITPOINT WARNING * * *
The hornet stings you.
You die...

#.###.## ### ##.#
##.###.## ##
#.##.#.## .#. ##.####
#a# #....# ###.###
####.# #.a#y.# #.# .#
##R@.# #.# .# #.#####
#.# .# .#####.....#
###.# .#
#...........###.#.#
.##
#########...##....#
... ##.##.<...## ...
.#######.#........##
#..
#........##.........#
##
#.#######.#........##


You could see the friendly Za Warudo the knight, a soldier ant and a hornet.

Vanquished Creatures
  Pikel (D:3)
  A vampire (D:11)
  A sky beast (D:6)
  2 ogres
  2 centaurs (D:7)
  A bullfrog (D:7)
  6 scorpions
  3 howler monkeys
  5 crimson imps
  4 jellies
  2 bullfrog skeletons
  7 hounds
  2 orc priests
  6 orc wizards
  5 worker ants
  Robin (D:3)
  12 adders
  A shadow imp (D:7)
  An ooze (D:2)
  3 worms
  A dart slug (D:3)
  9 leopard geckos
  11 orcs
  4 ball pythons
  4 giant cockroaches
  13 goblins
  7 hobgoblins
  6 jackals
  9 kobolds
  3 quokkas
  6 bats
  4 frilled lizards
  5 rats
148 creatures vanquished.

Vanquished Creatures (collateral kills)
  A wyvern (D:8)
  Menkaure (D:7)
  A soldier ant (D:8)
  Duvessa (D:7)
  An ice beast (D:5)
  A hornet zombie (D:6)
  A black bear (D:9)
  2 ogres
  A bullfrog (D:6)
  Dowan (D:7)
  3 howler monkeys
  A quasit (D:9)
  A centaur zombie (D:7)
  A bullfrog skeleton (D:5)
  An iguana (D:9)
  An adder zombie (D:6)
  A leopard gecko (D:6)
  2 orcs
  A bat (D:5)
23 creatures vanquished.

Vanquished Creatures (others)
  7 ancestors
  An orc (D:4)
  A jackal skeleton (D:4)
9 creatures vanquished.

Grand Total: 180 creatures vanquished

Notes
Turn   | Place    | Note
-------+----------+-------------------------------------------
     0 | D:1      | Zefie the Vampire Ice Elementalist began the quest for the
                  | Orb.
     0 | D:1      | Reached XP level 1. HP: 13/13 MP: 3/3
   279 | D:1      | Reached XP level 2. HP: 19/19 MP: 1/5
   715 | D:2      | You fall through a shaft!
   779 | D:3      | Noticed Robin
   786 | D:4      | Reached XP level 3. HP: 12/24 MP: 1/6
   991 | D:4      | Reached skill level 4 in Stealth
  1063 | D:4      | Noticed Pikel
  1063 | D:4      | Noticed a slave
  1063 | D:4      | Noticed a slave
  1063 | D:4      | Noticed a slave
  1063 | D:4      | Noticed a slave
  1092 | D:3      | Reached XP level 4. HP: 11/30 MP: 1/8
  1665 | D:3      | Reached XP level 5. HP: 30/35 MP: 1/9
  1832 | D:3      | Reached skill level 5 in Stealth
  2145 | D:3      | Found a sparkling altar of Nemelex Xobeh.
  2234 | D:3      | Killed Robin
  3143 | D:3      | Reached XP level 6. HP: 30/41 MP: 8/11
  3338 | D:4      | Learned a level 4 spell: Throw Icicle
  3380 | D:4      | Reached skill level 6 in Stealth
  3511 | D:3      | Killed Pikel
  3511 | D:3      | Reached skill level 5 in Dodging
  3511 | D:3      | Reached skill level 7 in Stealth
  3511 | D:3      | Reached skill level 5 in Ice Magic
  3511 | D:3      | Reached XP level 7. HP: 46/46 MP: 11/13
  4081 | D:5      | Entered Level 5 of the Dungeon
  4516 | D:5      | Found an iron altar of Okawaru.
  4553 | D:5      | Reached XP level 8. HP: 49/52 MP: 13/14
  4869 | D:5      | Reached skill level 8 in Stealth
  4923 | D:5      | Found a staircase to the Ecumenical Temple.
  4943 | Temple   | Entered the Ecumenical Temple
  5136 | Temple   | Became a worshipper of Hepliaklqana the Forgotten
  5640 | D:5      | Reached skill level 5 in Spellcasting
  6393 | D:6      | Found Buprarph's General Store.
  6454 | D:6      | Reached skill level 9 in Stealth
  7099 | D:6      | Reached XP level 9. HP: 51/51 MP: 17/17
  7120 | D:7      | Found a deep blue altar of Sif Muna.
  7124 | D:7      | Noticed Menkaure
  7129 | D:7      | Killed Menkaure
  7229 | D:7      | Found a radiant altar of Vehumet.
  7504 | D:7      | Learned a level 4 spell: Summon Ice Beast
  7508 | D:7      | Learned a level 3 spell: Tukima's Dance
  7561 | D:7      | Noticed Duvessa
  7562 | D:7      | Noticed Dowan
  7588 | D:7      | Killed Duvessa
  7588 | D:7      | Reached skill level 10 in Stealth
  7600 | D:7      | Killed Dowan
  7741 | D:7      | Reached * piety under Hepliaklqana
  7911 | D:8      | Reached skill level 1 in Staves
  7969 | D:8      | You fall through a shaft for 3 floors!
  8141 | D:10     | Entered Level 10 of the Dungeon
  8444 | D:9      | Found a runed translucent door.
  8444 | D:9      | Noticed a deep elf knight
  8444 | D:9      | Noticed poxu's ghost (novice MiFi)
  8693 | D:9      | Found a white marble altar of Elyvilon.
  8693 | D:9      | Found a burning altar of Makhleb.
  8725 | D:8      | Reached ** piety under Hepliaklqana
  8726 | D:8      | Remembered your ancestor Za Warudo as a knight
  8784 | D:8      | Paralysed by a hornet for 3 turns
  8786 | D:8      | HP: 1/51 [soldier ant (4)]
  8786 | D:8      | Slain by a hornet

Skill      XL: |  1  2  3  4  5  6  7  8  9 |
---------------+----------------------------+-----
Stealth        | 4 5 7 9 10 | 10.6
Dodging        | 3 5 6 7 |  7.5
Spellcasting   | 3 4 5 6 |  6.3
Ice Magic      | 4 5 7 8 |  8.7
Staves         | 1 |  1.9
Conjurations   | |  0.6
Hexes          | |  0.6

Action                   |  1- 3 |  4- 6 |  7- 9 || total
-------------------------+-------+-------+-------++-------
Melee: Dagger            |       |    27 |    28 ||    55
       Bite              |       |     3 |    15 ||    18
       Staff             |       |       |   101 ||   101
Throw: Stone             |       |       |     2 ||     2
 Cast: Freeze            |    38 |   110 |   113 ||   261
       Throw Icicle      |       |       |    49 ||    49
       Summon Ice Beast  |       |       |     8 ||     8
       Tukima's Dance    |       |       |     2 ||     2
Invok: Ancestor Identity |       |       |     2 ||     2
       Recall Ancestor   |       |       |     1 ||     1
       Ancestor Life: Kn |       |       |     1 ||     1
 Abil: Bat Form          |       |     2 |     2 ||     4
       End Transformatio |       |     1 |     3 ||     4
Evoke: Wand              |       |     5 |     1 ||     6
  Use: Potion            |     5 |     5 |    25 ||    35
       Scroll            |       |     1 |     5 ||     6
 Stab: Sleeping          |       |       |     2 ||     2
       Distracted        |       |       |     1 ||     1
Armor: Robe              |    19 |    40 |    48 ||   107
Dodge: Dodged            |    38 |    85 |   201 ||   324
